 Dungeon Crawl Stone Soup version 0.20.0-15-g7f486f2 (webtiles) character file.

11589 Benetiktaus the Cleaver (level 11, 0/97 HPs)
             Began as a Minotaur Fighter on June 25, 2017.
             Was a High Priest of Okawaru.
             Slain by an ogre
             ... wielding a +0 giant spiked club
              (10 damage)
             ... on level 11 of the Dungeon.
             The game lasted 00:27:58 (12592 turns).

Benetiktaus the Cleaver (Minotaur Fighter)         Turns: 12592, Time: 00:27:59

Health: 0/97       AC: 19    Str: 24    XL:     11   Next: 51%
Magic:  11/11      EV: 11    Int:  5    God:    Okawaru [*****.]
Gold:   597        SH:  0    Dex: 13    Spells: 10/10 levels left

rFire    + . .     SeeInvis +   s - +5 battleaxe of Xukuguet {venom, +Rage MR- SInv}
rCold    + . .     Gourm    .   (shield currently unavailable)
rNeg     . . .     Faith    +   K - +4 plate armour
rPois    .         Spirit   .   (helmet restricted)
rElec    .         Reflect  .   O - scarf {rC+ rF+}
rCorr    .         Harm     .   b - +0 pair of gloves
MR       .....                  (no boots)
Stlth    ..........             q - amulet of faith
Regen    0.3/turn               o - ring of protection from magic
MPRegen  0.2/turn               A - +3 ring of dexterity

@: very slightly contaminated, invisible
A: retaliatory headbutt, horns 2
a: Heroism, Finesse, Renounce Religion, Evoke Berserk Rage


You were on level 11 of the Dungeon.
You worshipped Okawaru.
Okawaru was extremely pleased with you.
You were very hungry.

You visited 2 branches of the dungeon, and saw 12 of its levels.
You also visited: Bailey.

You collected 597 gold pieces.

Inventory:

Hand Weapons
 a - a +1 war axe
 s - the +5 battleaxe of Xukuguet (weapon) {venom, +Rage MR- SInv}
   (Okawaru gifted it to you on level 10 of the Dungeon)

   It poisons the flesh of those it strikes.
   It affects your resistance to hostile enchantments.
   It lets you see invisible.
   It lets you go berserk.
 I - the +1 war axe of Copig {chop, *Rage +Blink MR+++ Int-4}
   (You took it off a big kobold on level 7 of the Dungeon)

   It inflicts extra damage upon your enemies.
   It affects your intelligence (-4).
   It affects your resistance to hostile enchantments.
   It lets you blink.
   It may make you go berserk in combat.
Armour
 b - a +0 pair of gloves (worn)
 c - a +0 shield
 E - a +0 chain mail of cold resistance
 H - a +0 large shield of protection
 K - a +4 plate armour (worn)
 O - a scarf of resistance (worn)
Jewellery
 o - a ring of protection from magic (left hand)
 q - an amulet of faith (around neck)
 t - an uncursed ring of protection from cold
 x - an uncursed ring of protection from cold
 A - a +3 ring of dexterity (right hand)
 J - an uncursed ring of fire
Wands
 h - a wand of disintegration (21/24)
 G - a wand of confusion (0/48)
 L - a wand of flame (23/48)
Scrolls
 e - 4 scrolls of magic mapping
 m - 5 scrolls of teleportation
 n - 3 scrolls of enchant weapon
 v - 4 scrolls of amnesia
 w - 3 scrolls of remove curse
 y - 2 scrolls of fog
Potions
 d - a potion of might
 g - a potion of agility
 i - 3 potions of magic
 j - 3 potions of haste
 l - 4 potions of resistance
 p - 2 potions of mutation
 r - a potion of flight
 z - 3 potions of curing
 B - a potion of invisibility
 F - a potion of brilliance {unknown}
Books
 k - the Incunabulum of Assistive Execration
   (You found it on level 8 of the Dungeon)

   Spells                             Type                      Level
   a - Infusion                       Charms                       1
   b - Shroud of Golubria             Charms/Translocation         2
   c - Ozocubu's Armour               Charms/Ice                   3
   d - Fulminant Prism                Conjuration/Hexes            4
   e - Excruciating Wounds            Charms/Necromancy            5
   f - Summon Mana Viper              Hexes/Summoning              5
 D - a book of Battle

   Spells                             Type                      Level
   a - Infusion                       Charms                       1
   b - Shroud of Golubria             Charms/Translocation         2
   c - Song of Slaying                Charms                       2
   d - Spectral Weapon                Hexes/Charms                 3
   e - Regeneration                   Charms/Necromancy            3
 M - a book of Power

   Spells                             Type                      Level
   a - Iskenderun's Battlesphere      Conjuration/Charms           5
   b - Venom Bolt                     Conjuration/Poison           5
   c - Bolt of Magma                  Conjuration/Fire/Earth       5
   d - Iron Shot                      Conjuration/Earth            6
   e - Orb of Destruction             Conjuration                  7
   f - Spellforged Servitor           Conjuration/Summoning        7
 P - a book of Conjurations

   Spells                             Type                      Level
   a - Magic Dart                     Conjuration                  1
   b - Searing Ray                    Conjuration                  2
   c - Dazzling Spray                 Conjuration/Hexes            3
   d - Fulminant Prism                Conjuration/Hexes            4
   e - Force Lance                    Conjuration/Translocation    4
   f - Iskenderun's Mystic Blast      Conjuration                  4
Comestibles
 f - 11 bread rations
 u - 7 meat rations
 N - 6 royal jellies


   Skills:
 + Level 9.5 Fighting
 * Level 12.7 Axes
 + Level 9.8 Armour
 - Level 8.0 Dodging
 + Level 9.6 Shields
 + Level 1.8 Invocations


You had 10 spell levels left.
You didn't know any spells.

Dungeon Overview and Level Annotations

Branches:
Dungeon (11/15)            Temple (1/1) D:7
   Lair: D:8-11         Orc: D:9-12

Altars:
Ashenzari
Cheibriados
Dithmenos
Elyvilon
Fedhas
Gozag
Hepliaklqana
Kikubaaqudgha
Makhleb
Nemelex Xobeh
Okawaru
Qazlal
Ru
Sif Muna
Trog
Uskayaw
Vehumet
Xom
Yredelemnul
Zin
The Shining One

Shops:
D:4 (

Annotations:
D:5 exclusion: statue


Innate Abilities, Weirdness & Mutations

You reflexively headbutt those who attack you in melee.
You have a pair of horns on your head.


Message History

Your surroundings suddenly seem different.
An ogre comes into view. It is wielding a giant spiked club.
The ogre shouts!
Found a meat ration.
You fade into invisibility!
The ogre closely misses you. x2
You are very lightly contaminated with residual magic.
Found 22 bolts.
You catch the helpless ogre completely off-guard!
You hit the ogre.
The ogre is poisoned.
The ogre is moderately wounded.
You catch the helpless ogre completely off-guard!
You slash the ogre!
The ogre is poisoned.
The ogre hits you with a giant spiked club.
* * * LOW HITPOINT WARNING * * *
The ogre hits you but does no damage.
The ogre looks more healthy.
There is a stone staircase leading up here.
The ogre hits you with a giant spiked club!
You die...

#..########..##
########..# #..#
..........# #..#
..........########..#
########.............
#..............
#..########....
##########..# #....
#......@O..># ...
#...........# ....
##########O.# ....
#..########....
#.O...O........
#............(.
#..#####..##### #..#
#..# #..# #..#


You could see 2 ogres.

Vanquished Creatures
  A two-headed ogre (D:10)
  The ghost of KleinerIrrer the Archer, a novice GrHu of Cheibriados (D:8)
  An orc knight (Bailey)
  Pikel (D:6)
  An ugly thing (D:11)
  Psyche (D:10)
  The ghost of destino the Transmogrifier, a novice DrTm of Hepliaklqana (D:5)
  A troll (D:9)
  A hornet (D:10)
  Prince Ribbit (D:6)
  3 wyverns (D:11)
  3 hogs (D:8)
  A human (D:8)
  15 yaks
  A steam dragon (D:11)
  A water moccasin (D:11)
  8 orc warriors
  A sky beast (D:6)
  4 ice beasts
  2 slaves (D:6)
  3 ogres
  A crocodile (D:11)
  4 centaurs
  3 big kobolds
  7 bullfrogs
  7 scorpions
  5 killer bees (D:10)
  6 howler monkeys
  7 crimson imps
  A centaur zombie (D:5)
  A quasit (D:10)
  4 hounds
  2 orc priests
  A bullfrog skeleton (D:10)
  8 orc wizards
  An iguana (D:5)
  Ijyb (D:3)
  7 worker ants
  A killer bee zombie (D:7)
  2 hound skeletons
  9 gnolls
  A howler monkey skeleton (D:8)
  13 adders
  2 shadow imps
  3 oozes
  An adder zombie (D:9)
  An adder skeleton (D:4)
  2 dart slugs
  8 leopard geckos
  48 orcs
  5 giant cockroaches
  7 goblins
  6 hobgoblins
  5 jackals
  8 quokkas
  2 ball pythons
  8 bats
  3 frilled lizards
  A giant cockroach zombie (D:5)
  A jackal skeleton (D:5)
  23 kobolds
  A leopard gecko skeleton (D:5)
  A quokka skeleton (D:7)
  A rat (D:2)
281 creatures vanquished.

Vanquished Creatures (others)
  2 slaves (D:6)
  A scorpion (D:6)
3 creatures vanquished.

Grand Total: 284 creatures vanquished

Notes
Turn   | Place    | Note
-------+----------+-------------------------------------------
     0 | D:1      | Benetiktaus the Minotaur Fighter began the quest for the Orb.
     0 | D:1      | Reached XP level 1. HP: 19/19 MP: 0/0
   398 | D:1      | Reached XP level 2. HP: 27/27 MP: 1/1
   591 | D:2      | Reached skill level 3 in Axes
   644 | D:2      | Reached skill level 1 in Dodging
   722 | D:2      | Reached XP level 3. HP: 26/33 MP: 2/2
  1316 | D:3      | Reached XP level 4. HP: 33/40 MP: 3/3
  1590 | D:3      | Found a basalt altar of Yredelemnul.
  1698 | D:3      | Noticed Ijyb
  1712 | D:3      | Killed Ijyb
  1945 | D:3      | Reached XP level 5. HP: 39/46 MP: 4/4
  2443 | D:4      | Reached skill level 4 in Axes
  2652 | D:4      | Found Kotilyici's Weapon Shop.
  2712 | D:4      | Found a white marble altar of Elyvilon.
  2840 | D:4      | Reached XP level 6. HP: 51/53 MP: 5/5
  3126 | D:5      | Entered Level 5 of the Dungeon
  3258 | D:5      | Noticed destino's ghost (novice DrTm)
  3278 | D:5      | Killed destino's ghost
  3278 | D:5      | Reached skill level 5 in Fighting
  3278 | D:5      | Reached skill level 5 in Axes
  3278 | D:5      | Reached skill level 5 in Armour
  3278 | D:5      | Reached skill level 5 in Shields
  3278 | D:5      | Reached XP level 7. HP: 31/61 MP: 6/6
  3427 | D:5      | Found a stormy altar of Qazlal.
  3525 | D:5      | Reached skill level 6 in Axes
  3540 | D:5      | Found a radiant altar of Vehumet.
  4449 | D:6      | Noticed Pikel
  4468 | D:6      | Killed Pikel
  4468 | D:6      | Reached skill level 7 in Axes
  4468 | D:6      | Reached XP level 8. HP: 58/70 MP: 7/7
  4709 | D:6      | Reached skill level 5 in Dodging
  4898 | D:6      | Noticed Prince Ribbit
  4906 | D:6      | Killed Prince Ribbit
  4906 | D:6      | Reached skill level 8 in Axes
  5138 | D:6      | Reached XP level 9. HP: 78/78 MP: 8/8
  5505 | D:6      | Found a shadowy altar of Dithmenos.
  5510 | D:6      | Found a shattered altar of Ashenzari.
  5706 | D:7      | Found a sparkling altar of Nemelex Xobeh.
  6065 | D:7      | Reached skill level 9 in Axes
  6121 | D:7      | Found a sacrificial altar of Ru.
  6169 | D:7      | Found a deep blue altar of Sif Muna.
  6426 | D:7      | Got an ancient war axe {chop}
  6427 | D:7      | Identified the cursed +1 war axe of Copig {chop, *Rage +Blink MR+++ Int-4} (You took it off a big kobold on level 7 of the Dungeon)
  6628 | D:7      | Found a staircase to the Ecumenical Temple.
  6638 | Temple   | Entered the Ecumenical Temple
  6666 | Temple   | Became a worshipper of Warmaster Okawaru
  7357 | D:8      | Identified the Incunabulum of Assistive Execration
  7439 | D:8      | Noticed KleinerIrrer's ghost (novice GrHu)
  7783 | D:8      | Reached * piety under Okawaru
  7850 | D:8      | Found a bloodstained altar of Trog.
  7921 | D:8      | Reached skill level 10 in Axes
  7944 | D:8      | Found a flagged portal.
  7963 | Bailey   | Entered a bailey
  8247 | Bailey   | Noticed an orc knight
  8398 | Bailey   | Killed an orc knight
  8398 | Bailey   | Reached XP level 10. HP: 88/88 MP: 9/9
  8727 | D:8      | Killed KleinerIrrer's ghost
  8727 | D:8      | Reached ** piety under Okawaru
  9473 | D:8      | Reached skill level 11 in Axes
  9624 | D:8      | Reached *** piety under Okawaru
 10022 | D:9      | Reached **** piety under Okawaru
 10027 | D:9      | Reached XP level 11. HP: 79/95 MP: 10/10
 10527 | D:10     | Entered Level 10 of the Dungeon
 10529 | D:10     | Noticed a two-headed ogre
 10539 | D:10     | Reached skill level 12 in Axes
 10541 | D:10     | Killed a two-headed ogre
 10541 | D:10     | Reached ***** piety under Okawaru
 10911 | D:10     | Got a brightly glowing scale mail
 10922 | D:10     | Identified the cursed +1 scale mail "Gunt" {Dex+2} (You found it on level 10 of the Dungeon)
 11089 | D:10     | Received a gift from Okawaru
 11092 | D:10     | Got an ichor-stained battleaxe {god gift}
 11098 | D:10     | Identified the +5 battleaxe of Xukuguet {venom, +Rage MR- SInv} (Okawaru gifted it to you on level 10 of the Dungeon)
 11568 | D:10     | Noticed Psyche
 11733 | D:10     | Killed Psyche
 11733 | D:10     | Reached skill level 1 in Invocations
 11922 | D:11     | Noticed a six-headed hydra
 12341 | D:11     | Noticed a green ugly thing
 12348 | D:11     | Killed a green ugly thing
 12592 | D:11     | Slain by an ogre

Skill      XL: |  1  2  3  4  5  6  7  8  9 10 11 |
---------------+----------------------------------+-----
Axes           | 3 4 5 7 8 10 11 12 | 12.7
Dodging        | 1 2 3 4 5 6 7 8 |  8.0
Shields        | 4 5 6 8 9 |  9.6
Fighting       | 4 5 6 8 9 |  9.5
Armour         | 4 5 6 7 9 |  9.8
Invocations    | 1 |  1.8

Action                   |  1- 3 |  4- 6 |  7- 9 | 10-12 || total
-------------------------+-------+-------+-------+-------++-------
Melee: War axe           |   120 |   113 |   290 |   201 ||   724
       Headbutt          |    12 |    18 |    69 |    60 ||   159
       Battleaxe         |       |       |       |    52 ||    52
Evoke: Wand              |       |       |    19 |     5 ||    24
  Use: Scroll            |     8 |     4 |    10 |     7 ||    29
       Potion            |       |     3 |     5 |     3 ||    11
 Stab: Invisible         |       |       |       |     2 ||     2
  Eat: Chunk             |     1 |     3 |     9 |     8 ||    21
       Fruit             |       |     6 |     4 |     3 ||    13
       Royal jelly       |       |       |     2 |       ||     2
Armor: Scale mail        |    38 |       |       |       ||    38
       Chain mail        |    28 |    57 |   124 |       ||   209
       Plate armour      |       |       |    27 |   159 ||   186
Dodge: Dodged            |    38 |    32 |    84 |   148 ||   302
Block: Shield            |    63 |    74 |   199 |   145 ||   481
